 Dungeon Crawl Stone Soup version 0.29.1-2-gbd0b4ee654 (webtiles) character file.

Game seed: 12309755797673510282

2298 Lutefisk the Covert (level 9, -3/50 HPs)
             Began as a Vine Stalker Brigand on Oct 26, 2022.
             Was a Believer of Wu Jian.
             Killed from afar by a steam dragon (16 damage)
             ... with a ball of steam
             ... on level 6 of the Dungeon.
             The game lasted 00:20:55 (2890 turns).

Lutefisk the Covert (Vine Stalker Brigand)          Turns: 2890, Time: 00:20:56

Health: -3/50      AC:  9    Str: 16    XL:     9   Next: 40%
Magic:  0/10       EV: 12    Int: 11    God:    Wu Jian [**....]
Gold:   151        SH:  0    Dex: 18    Spells: 8/8 levels left

rFire   . . .      SeeInvis .   r - +6 dagger (flame)
rCold   + . .      Faith    .   (no shield)
rNeg    . . .      Spirit   +   h - +0 ring mail
rPois   +          Reflect  .   b - +0 helmet
rElec   .          Harm     .   c - +0 cloak
rCorr   .          Rampage  .   (no gloves)
Will    .....                   E - +0 pair of boots
Stlth   ++++......              (no amulet)
HPRegen 0.96/turn               g - ring of protection from cold
MPRegen 0.12/turn               m - ring of poison resistance

@: weak-willed
A: fangs 3, regeneration 1, magic shield, antimagic bite, no potion heal 2
a: Renounce Religion, Wall Jump


You were on level 6 of the Dungeon.
You worshipped Wu Jian.
Wu Jian was pleased with you.
You visited 1 branch of the dungeon, and saw 6 of its levels.

You collected 220 gold pieces.
You spent 69 gold pieces at shops.

Inventory:

Hand Weapons
 q - a +0 rapier
 r - a +6 dagger of flaming (weapon)
 w - a +2 vampiric dagger
Missiles
 d - 14 poisoned darts
 e - 3 curare-tipped darts
 z - 2 throwing nets (quivered)
Armour
 b - a +0 helmet (worn)
 c - a +0 cloak (worn)
 h - a +0 ring mail (worn)
 E - a +0 pair of boots (worn)
Jewellery
 g - a ring of protection from cold (left hand)
 m - a ring of poison resistance (right hand)
 v - a ring of wizardry
Wands
 y - a wand of flame (18)
 C - a wand of digging (6)
Scrolls
 f - 8 scrolls of identify {unknown}
 k - a scroll of vulnerability
 o - a scroll of teleportation {unknown}
 t - a scroll of immolation {unknown}
 u - a scroll of magic mapping {unknown}
 x - a scroll of noise {unknown}
 A - a scroll of fear {unknown}
 F - a scroll of silence {unknown}
 G - a scroll of torment {unknown}
Potions
 a - a potion of mutation {unknown}
 i - a potion of might {unknown}
 j - a potion of attraction {unknown}
 n - 3 potions of berserk rage {unknown}
 p - 2 potions of degeneration {unknown}
 s - 2 potions of magic {unknown}
 B - a potion of curing {unknown}
 D - a potion of invisibility {unknown}


   Skills:
 - Level 7.0 Fighting
 - Level 2.0 Short Blades
 - Level 2.0 Throwing
 - Level 3.0 Armour
 - Level 3.0 Dodging
 * Level 10.6 Stealth
 - Level 3.0 Evocations


You had 8 spell levels left.
You didn't know any spells.
Your spell library contained the following spells:

 Spells                   Type           Power      Damage    Failure   Level
 Shock                    Conj/Air       0%         1d3       54%         1
 Sting                    Tmut/Pois      0%         1d3       54%         1
 Summon Small Mammal      Summ           0%         N/A       54%         1
 Blink                    Tloc           0%         N/A       69%         2
 Ensorcelled Hibernation  Hex/Ice        0%         N/A       69%         2
 Passwall                 Tmut/Erth      0%         N/A       69%         2
 Poisonous Vapours        Pois/Air       0%         N/A       69%         2
 Call Canine Familiar     Summ           0%         N/A       89%         3
 Lesser Beckoning         Tloc           0%         N/A       89%         3
 Ozocubu's Armour         Ice            0%         N/A       89%         3
 Summon Guardian Golem    Hex/Summ       0%         N/A       89%         3
 Swiftness                Air            0%         N/A       89%         3
 Airstrike                Air            0%         2d(0-16)  100%        4
 Olgreb's Toxic Radiance  Pois           0%         N/A       100%        4
 Manifold Assault         Tloc           0%         N/A       100%        5
 Metabolic Englaciation   Hex/Ice        0%         N/A       100%        5
 Simulacrum               Ice/Necr       0%         N/A       100%        6


Dungeon Overview and Level Annotations

Branches:
Dungeon (6/15)
 Temple: D:4-7

Altars:
Ashenzari
Hepliaklqana
Wu Jian
Xom
Yredelemnul

Shops:
D:3 *

Annotations:
D:3 Grinder


Innate Abilities, Weirdness & Mutations

You have razor-sharp teeth.
Your natural rate of healing is unusually fast.
When hurt, damage is shared between your health and your magic reserves.
Your bite disrupts and absorbs the magic of your enemies.
Potions cannot restore your health.


Message History

Your butterfly disappears in a burst of colours!
The steam dragon barely misses your butterfly. x2
The steam dragon bites your butterfly!
Your butterfly dies!
Your butterfly disappears in a burst of colours!
Unknown command.
Throw: 2 throwing nets
Press: ? - help, Q - select action, (/) - cycle Shift-Dir - straight line, f - black bear
Aim: a black bear (heavily wounded, ally target, 72% to hit)
Okay, then.
The steam dragon bites your butterfly.
Your butterfly dies!
Your butterfly disappears in a burst of colours!
You enter the shallow water.
Moving in this stuff is going to be slow.
The black bear bites your butterfly!
Your butterfly dies!
Your butterfly disappears in a burst of colours!
As you read the scroll of butterflies, it crumbles to dust.
You hear the tinkle of a tiny bell.
You swap places.
You swap places.
The black bear bites your butterfly.
Your butterfly dies!
Your butterfly disappears in a burst of colours!
The howler monkey hoots and howls with incredible vigour!
The howler monkey hits your butterfly.
Your butterfly dies!
Your butterfly disappears in a burst of colours!
You hear a shout! x3
As you read the scroll labelled YCLANU NIMNUSS, it crumbles to dust.
Magic quickly surges around you.
It was a scroll of vulnerability.
You hear a shout!
The steam dragon breathes steam at you.
The ball of steam misses your butterfly.
The ball of steam hits your butterfly!
Your butterfly dies!
Your butterfly disappears in a burst of colours!
The ball of steam misses your butterfly.
The ball of steam hits you!
You die...

...D..#
.....)############
).)..............#
)~≈≈~~~~≈~~hb...P#
~≈≈b~≈~≈≈≈≈≈hb...#
~~~~~~#####≈Db...#
......#...#≈bb§b.#
#######...#≈bP.b.#
#'###≈bbb.@#
..#.~b~....#
#.~b~.bb.#
#.~≈~....#
#.≈≈~b.P.#
#.~~~....#
#.~≈~....#
#.~≈≈....#
#.#.~≈~....#


You could see a steam dragon (catching breath, weak-willed).

Vanquished Creatures
  The ghost of bmorgan the Trooper, an amateur TrFi of Xom (D:5)
  Sigmund (D:4)
  Eustachio (D:4)
  Duvessa (D:4)
  An ice beast (D:5)
  4 ogres
  2 phantoms (D:4)
  A kobold brigand (D:6)
  A bullfrog (D:6)
  A gnoll sergeant (D:6)
  2 scorpions
  Dowan (D:4)
  7 howler monkeys
  A gnoll bouda (D:6)
  An orc priest (D:3)
  6 hounds (D:6)
  A jelly (D:4)
  Jessica (D:3)
  An iguana (D:4)
  Ijyb (D:5)
  2 orc wizards
  3 gnolls (D:4)
  7 adders
  A shadow imp (D:5)
  A white imp (D:6)
  3 worms
  A dart slug (D:3)
  9 orcs
  4 ball pythons
  A bat (D:1)
  3 endoplasms
  2 giant cockroaches
  2 goblins
  3 hobgoblins
  10 jackals
  9 kobolds
  4 quokkas
  8 rats
109 creatures vanquished.

Vanquished Creatures (others)
  A sky beast (D:6)
  An orc wizard (D:6)
  A gnoll (D:6)
  An adder (D:6)
  A kobold (D:6)
  A fungus (D:6)
  17 plants
23 creatures vanquished.

Grand Total: 132 creatures vanquished

Notes
Turn   | Place    | Note
-------+----------+-------------------------------------------
     0 | D:1      | Lutefisk the Vine Stalker Brigand began the quest for the
                  | Orb.
     0 | D:1      | Reached XP level 1. HP: 11/11 MP: 2/2
    48 | D:1      | Reached skill level 5 in Stealth
   303 | D:1      | Reached XP level 2. HP: 15/15 MP: 3/3
   666 | D:3      | Reached XP level 3. HP: 20/20 MP: 4/4
   668 | D:3      | Noticed Jessica
   893 | D:4      | Noticed an ogre
   910 | D:4      | Killed an ogre
   911 | D:4      | Reached skill level 1 in Dodging
   911 | D:4      | Gained mutation: Your natural rate of healing is unusually
                  | fast. [Vine Stalker growth]
   911 | D:4      | Reached XP level 4. HP: 25/25 MP: 5/5
   911 | D:4      | Reached XP level 5. HP: 29/29 MP: 6/6
   987 | D:4      | Reached skill level 6 in Stealth
  1149 | D:4      | Noticed Duvessa
  1149 | D:4      | Noticed Dowan
  1167 | D:4      | Killed Duvessa
  1168 | D:4      | Reached skill level 7 in Stealth
  1168 | D:4      | Reached XP level 6. HP: 27/33 MP: 7/7
  1185 | D:4      | Killed Dowan
  1186 | D:4      | Reached skill level 8 in Stealth
  1327 | D:3      | Found Qobyrats's Assorted Antiques.
  1338 | D:3      | Bought a coppery potion for 23 gold pieces
  1338 | D:3      | Bought a puce potion for 23 gold pieces
  1338 | D:3      | Bought a smoky red potion for 23 gold pieces
  1534 | D:3      | Reached XP level 7. HP: 38/38 MP: 6/8
  1611 | D:3      | Killed Jessica
  1612 | D:3      | Reached skill level 5 in Fighting
  1680 | D:3      | Noticed Grinder
  1804 | D:4      | Found a hazy altar of Hepliaklqana.
  1804 | D:4      | Found a shimmering altar of Xom.
  1804 | D:4      | Noticed Sigmund
  1805 | D:4      | Found a basalt altar of Yredelemnul.
  1805 | D:4      | Found an ornate altar of the Wu Jian Council.
  1815 | D:4      | Killed Sigmund
  1851 | D:4      | Became a worshipper of the Wu Jian Council
  1920 | D:4      | Found a broken altar of Ashenzari.
  1935 | D:4      | Noticed Eustachio
  2006 | D:4      | Killed Eustachio
  2007 | D:4      | Reached skill level 1 in Armour
  2007 | D:4      | Reached skill level 9 in Stealth
  2007 | D:4      | Gained mutation: You have razor-sharp teeth. [Vine Stalker
                  | growth]
  2007 | D:4      | Reached XP level 8. HP: 31/43 MP: 6/9
  2096 | D:5      | Entered Level 5 of the Dungeon
  2116 | D:5      | Reached skill level 10 in Stealth
  2116 | D:5      | Reached skill level 1 in Evocations
  2355 | D:5      | Noticed Ijyb
  2373 | D:5      | Killed Ijyb
  2413 | D:5      | Reached * piety under Wu Jian
  2467 | D:5      | Found a runed translucent door.
  2472 | D:5      | Noticed bmorgan's ghost (amateur TrFi)
  2485 | D:5      | Killed bmorgan's ghost
  2501 | D:5      | Found a runed translucent door.
  2718 | D:6      | Reached XP level 9. HP: 49/49 MP: 10/10
  2864 | D:6      | Reached ** piety under Wu Jian
  2878 | D:6      | HP: 1/50 [steam dragon] (7)]
  2890 | D:6      | Killed from afar by a steam dragon

Illustrated notes

Levels and vault maps discovered:
D:1:      dpeg_arrival_ratfight, layout_basic, shapermc_ecumenical_altar_petra,
          minivault_24, serial_bayou_pond_e, nicolae_kite_square_tiling_tiny
D:2:      layout_rooms
D:3:      layout_basic, serial_shops, nicolae_shop_overgrown_old_shop,
          minmay_distorted, uniq_jessica, uniq_grinder
D:4:      layout_gridville, chequers_temple_overflow_statue_of_worship,
          mainiacjoe_overflow_cross_hatched, nicolae_ru_the_path_less_chosen,
          uniq_sigmund, uniq_duvessa, uniq_eustachio
D:5:      minmay_evil_eye, layout_basic, ebering_ghost_sewer_f, uniq_ijyb
D:6:      lemuel_castle_with_subvaults [lemuel_castle_interior_carwin_3],
          layout_cave_pods, serial_shops, shop_fountains,
          uniq_crazy_yiuf_cottage

Skill      XL: |  1  2  3  4  5  6  7  8  9 |
---------------+----------------------------+-----
Stealth        | 5 7 8 9 10 | 10.6
Fighting       | 2 3 4 5 6 7 |  7.0
Dodging        | 1 2 3 |  3.0
Throwing       | 2 |  2.0
Short Blades   | 2 |  2.0
Armour         | 1 2 3 |  3.0
Evocations     | 2 3 |  3.0

Action                   |  1- 3 |  4- 6 |  7- 9 || total
-------------------------+-------+-------+-------++-------
Melee: Dagger            |    58 |    91 |   253 ||   402
       Bite              |    15 |    31 |    80 ||   126
       Punch             |     2 |     2 |     2 ||     6
       Rapier            |       |     7 |       ||     7
Throw: Dart              |    10 |     9 |     7 ||    26
       Throwing net      |       |       |     3 ||     3
Invok: Lunge             |       |       |    13 ||    13
       Whirlwind         |       |       |     5 ||     5
  Use: Scroll            |       |       |     3 ||     3
 Stab: Sleeping          |     4 |     5 |     3 ||    12
Armor: Ring mail         |    20 |    50 |   108 ||   178
Dodge: Dodged            |    33 |    64 |   150 ||   247
